 Dungeon Crawl Stone Soup version 0.30-a0-918-g0ff054e9dc (webtiles) character file.

Game seed: 11900670735549842457

6603 jasper the Geomancer (level 10, -2/84 HPs)
             Began as a Demonspawn Wanderer on Mar 20, 2023.
             Was a Believer of Sif Muna.
             Slain by a tarantella (12 damage)
             ... summoned by a worldbinder
             ... on level 1 of the Abyss.
             The game lasted 00:24:49 (10896 turns).

jasper the Geomancer (Demonspawn Wanderer)         Turns: 10896, Time: 00:24:50

Health: -2/84      AC: 25    Str:  9    XL:     10   Next: 71%
Magic:  20/20      EV:  2    Int: 22    God:    Sif Muna [**....]
Gold:   443        SH:  0    Dex: 12    Spells: 5/22 levels left

rFire   . . .      SeeInvis .    (no weapon)
rCold   . . .      Faith    +    (no shield)
rNeg    . . .      Spirit   .    v - melded +0 steam dragon scales
rPois   +          Reflect  .    (helmet currently unavailable)
rElec   .          Rampage  .    d - melded +0 cloak
rCorr   .          NoTele   +    x - melded +0 pair of gloves
Will    .....                    E - melded +1 pair of boots
Stlth   +                        y - amulet of faith
HPRegen 0.34/turn                (no ring)
MPRegen 0.17/turn                (no ring)

@: tree-form, hasted, very quick
A: stationary, stasis, torment immunity, boosted hp, (claws 2), (sturdy frame
2), [frail 2]
a: Renounce Religion, Channel Magic


You were on level 1 of the Abyss.
You worshipped Sif Muna.
Sif Muna was pleased with you.
You were a tree.
You visited 1 branch of the dungeon, and saw 9 of its levels.
You visited the Abyss 1 time.

You collected 513 gold pieces.
You spent 70 gold pieces at shops.

Inventory:

Hand Weapons
 a - a +1 dagger
 g - a +0 flail
 u - a +1 hammer of protection
 w - a +2 sling of draining
 L - a +0 club
Missiles
 e - 23 poisoned darts
 n - 62 stones
 p - 4 boomerangs
 H - a curare-tipped dart
Armour
 c - a +0 robe
 d - a +0 cloak (melded)
 k - a +0 leather armour
 s - a scarf of harm
 v - +0 steam dragon scales (melded)
 x - a +0 pair of gloves (melded)
 E - a +1 pair of boots (melded)
Jewellery
 o - an amulet of reflection
 y - an amulet of faith (around neck)
Wands
 C - a wand of flame (44)
 G - a wand of polymorph (6)
 I - a wand of paralysis (15)
Scrolls
 f - 5 scrolls of immolation
 z - a scroll of enchant weapon
 F - 3 scrolls of teleportation
 J - a scroll of summoning
Potions
 h - a potion of lignification
 i - 2 potions of curing
 j - 2 potions of haste
 l - a potion of heal wounds {unknown}
 m - a potion of mutation {unknown}
 q - a potion of attraction {unknown}
 r - 3 potions of degeneration {unknown}
 A - a potion of magic {unknown}
 B - a potion of brilliance {unknown}
 D - 2 potions of might {unknown}
 K - a potion of flight {unknown}


   Skills:
 + Level 3.7 Fighting
 + Level 4.3 Dodging
 + Level 6.9 Spellcasting
 - Level 3.0 Conjurations
 - Level 7.1 Necromancy
 - Level 0.8 Transmutations
 - Level 2.6 Air Magic
 - Level 9.2 Earth Magic
 - Level 3.0 Poison Magic
 * Level 6.7 Invocations


You had 5 spell levels left.
You knew the following spells:

 Your Spells              Type           Power      Damage    Failure   Level
a - Sandblast             Erth           96%        2d20      1%          1
b - Passwall              Tmut/Erth      24%        N/A       1%          2
c - Vampiric Draining     Necr           38%        2d8       1%          3
d - Borgnjor's Vile Clut  Necr/Erth      21%        N/A       9%          5
e - Mephitic Cloud        Conj/Pois/Air  20%        N/A       8%          3
f - Blink                 Tloc           14%        N/A       13%         2
g - Apportation           Tloc           14%        N/A       9%          1

Your spell library contained the following spells:

 Spells                   Type           Power      Damage    Failure   Level
 Kiss of Death            Conj/Necr      100%       2d13      1%          1
 Necrotise                Necr           100%       1d9       1%          1
 Magic Dart               Conj           80%        1d7       2%          1
 Dispel Undead            Necr           38%        3d16      4%          4
 Beastly Appendage        Tmut           22%        N/A       6%          1
 Momentum Strike          Conj/Tloc      28%        3d8       7%          2
 Slow                     Hex            28%        N/A       9%          1
 Summon Small Mammal      Summ           28%        N/A       9%          1
 Wereblood                Tmut           11%        N/A       9%          2
 Spider Form              Tmut/Pois      16%        N/A       11%         3
 Petrify                  Tmut/Erth      29%        N/A       11%         4
 Call Imp                 Summ           7%         N/A       13%         2
 Lesser Beckoning         Tloc           14%        N/A       13%         2
 Hailstorm                Conj/Ice       14%        3d5       14%         3
 Confusing Touch          Hex            7%         N/A       26%         3
 Iskenderun's Battlesphe  Conj           20%        2d7       56%         5
 Passage of Golubria      Tloc           7%         N/A       63%         4
 Alistair's Intoxication  Tmut/Pois      10%        N/A       71%         5
 Fireball                 Conj/Fire      7%         3d5       77%         5
 Silence                  Hex/Air        6%         N/A       80%         5
 Conjure Ball Lightning   Conj/Air       10%        3x3d6     99%         6
 Eringya's Noxious Bog    Tmut/Pois      8%         N/A       99%         6
 Orb of Destruction       Conj           10%        9d6       100%        7
 Lehudib's Crystal Spear  Conj/Erth      17%        10d5      100%        8


Dungeon Overview and Level Annotations

Branches:
Dungeon (9/15)             Temple (0/1) D:7
   Lair: D:8-11         Orc: D:9-12

Altars:
Cheibriados
Fedhas
Qazlal
Sif Muna
Uskayaw
Wu Jian
Yredelemnul

Shops:
D:6 ?

Annotations:
D:8 exclusion: moth of wrath
D:9 Erolcha


Innate Abilities, Weirdness & Mutations

You are a tree.
Your roots penetrate the ground, keeping you stationary.
You cannot be teleported.
You are immune to unholy pain and torment.
Your maximum health is greatly increased.
Your equipment is partially melded.
((You have very sharp fingernails.))
((Your movements are less encumbered by armour. (ER -4)))
[You are very frail. (-20% HP)]


Message History

Press: ? - help, Shift-Dir - straight line, f - small abomination, p - tarantella
Aim: a small abomination (chance to affect: 31%)
The small abomination easily resists.
Your +1 hammer of protection goes still.
You are now empty-handed.
The worldbinder completely misses you. The worldbinder hits you.
* * * LOW HITPOINT WARNING * * *
You take 1 damage, and have 25/84 hp.
You hit the worldbinder but do no damage.
The worldbinder hits you.
* * * LOW HITPOINT WARNING * * *
The worldbinder hits you but does no damage.
The small abomination hits you!
* * * LOW HITPOINT WARNING * * *
The tarantella touches you but does no damage.
You take 14 damage, and have 11/84 hp.
MP restored: 20 You feel better.
The worldbinder hits you.
* * * LOW HITPOINT WARNING * * *
The worldbinder hits you.
* * * LOW HITPOINT WARNING * * *
The tarantella touches you but does no damage.
The small abomination hits you but does no damage.
The worldbinder hits you but does no damage. x2
You regained 4 hp, and now have 15/84 hp.
You feel better. The tarantella touches you!
* * * LOW HITPOINT WARNING * * *
The worldbinder hits you but does no damage. x2
The small abomination hits you but does no damage.
The tarantella touches you but does no damage.
You take 5 damage, and have 10/84 hp.
You feel better.
The worldbinder hits you but does no damage. x2
The tarantella touches you.
* * * LOW HITPOINT WARNING * * *
The small abomination hits you but does no damage.
You feel yourself speed up.
The worldbinder hits you but does no damage. x2
The tarantella touches you!
You die...

#.....#....#
. # #..
.#... # #
##. .... #
#. . #.
##... . #..
# . ####
.#.# #..##
####
##.###s##
.....ssx♣#
##...*.#x..#
#...##.#..#
##.. .. ..#
## ... .#.
...# ....
#### .. .#
_.###


You could see a worldbinder, 3 tarantellas, a small abomination and a lurking
horror.

Vanquished Creatures
  Pikel (D:7)
  Joseph (D:7)
  Maggie (D:7)
  A raiju (Abyss:1)
  A wyvern (D:7)
  5 yaks
  A steam dragon (D:8)
  A water moccasin (D:4)
  4 orc warriors
  3 ice beasts
  2 ogres (D:6)
  3 centaurs
  A phantom (D:6)
  A lemure (D:7)
  Blork the orc (D:5)
  2 kobold brigands (D:6)
  6 bullfrogs
  A gnoll sergeant (D:8)
  A scorpion (D:5)
  23 wights
  A howler monkey (D:6)
  2 electric eels (D:7)
  2 jellies
  Crazy Yiuf (D:3)
  3 sleepcaps
  A gnoll bouda (D:7)
  2 hounds (D:5)
  6 orc priests
  3 iguanas
  12 orc wizards
  7 adders
  7 gnolls
  2 shadow imps
  2 white imps (D:7)
  An ufetubus (D:6)
  A worm (D:2)
  A dart slug (D:5)
  18 orcs
  7 endoplasms
  4 giant cockroaches
  6 goblins
  3 hobgoblins
  3 jackals (D:4)
  14 kobolds
  3 quokkas
  5 ball pythons
  4 bats (D:2)
  3 frilled lizards
  4 rats
188 creatures vanquished.

Vanquished Creatures (collateral kills)
  A jelly (D:6)
  An ufetubus (D:6)
2 creatures vanquished.

Vanquished Creatures (others)
  An orc wizard (D:5)
  A gnoll (D:8)
  2 starspawn tentacles (Abyss:1)
  3 withered plants (D:7)
7 creatures vanquished.

Grand Total: 197 creatures vanquished

Notes
Turn   | Place    | Note
-------+----------+-------------------------------------------
     0 | D:1      | jasper the Demonspawn Wanderer began the quest for the Orb.
     0 | D:1      | jasper set off with the following items: a +0 dagger, a
                  | scroll of blinking, a +0 robe, a +0 cloak; and the
                  | following spells available to memorise: Sandblast,
                  | Passwall, Kiss of Death, Hailstorm, Petrify.
     0 | D:1      | Reached XP level 1. HP: 15/15 MP: 2/2
     2 | D:1      | Learned a level 1 spell: Sandblast
   203 | D:1      | Gained mutation: You have sharp fingernails. [demonic
                  | ancestry]
   203 | D:1      | Reached XP level 2. HP: 21/21 MP: 1/3
   330 | D:1      | Reached skill level 4 in Earth Magic
   849 | D:2      | Gained mutation: Your movements are slightly less
                  | encumbered by armour. (ER -2) [demonic ancestry]
   849 | D:2      | Reached XP level 3. HP: 26/26 MP: 0/6
  1262 | D:2      | Found a faded altar of an unknown god.
  1400 | D:2      | Learned a level 2 spell: Passwall
  1537 | D:3      | Found a stormy altar of Qazlal.
  1637 | D:3      | Found a runed translucent door.
  1676 | D:3      | Reached XP level 4. HP: 32/32 MP: 6/8
  1853 | D:3      | Noticed Crazy Yiuf
  1998 | D:3      | Learned a level 3 spell: Vampiric Draining
  2001 | D:3      | Killed Crazy Yiuf
  2002 | D:3      | Reached skill level 1 in Necromancy
  2356 | D:4      | Noticed a water moccasin
  2369 | D:4      | Killed a water moccasin
  2370 | D:4      | Gained mutation: You have very sharp fingernails. [demonic
                  | ancestry]
  2370 | D:4      | Reached XP level 5. HP: 21/37 MP: 4/11
  2532 | D:4      | Found a snail-covered altar of Cheibriados.
  2539 | D:4      | Learned a level 5 spell: Borgnjor's Vile Clutch
  2566 | D:4      | Found a hide-covered altar of Uskayaw.
  2567 | D:4      | Noticed a +0 dagger
  2567 | D:4      | Noticed a +0 hand axe
  2942 | D:5      | Entered Level 5 of the Dungeon
  3159 | D:5      | Gained mutation: Your movements are less encumbered by
                  | armour. (ER -4) [demonic ancestry]
  3159 | D:5      | Reached XP level 6. HP: 43/43 MP: 9/12
  3352 | D:5      | Reached skill level 5 in Spellcasting
  3411 | D:5      | Learned a level 3 spell: Mephitic Cloud
  4110 | D:5      | Noticed Blork the orc
  4113 | D:5      | Killed Blork the orc
  4114 | D:5      | Reached XP level 7. HP: 48/48 MP: 14/16
  4704 | D:6      | Reached skill level 1 in Poison Magic
  4710 | D:6      | Reached skill level 1 in Air Magic
  4878 | D:6      | Found a shimmering blue altar of Sif Muna.
  4962 | D:6      | Found Rosufaef's Magic Scroll Shop.
  4970 | D:6      | Bought a scroll of teleportation for 30 gold pieces
  4970 | D:6      | Bought a scroll of immolation for 40 gold pieces
  5056 | D:6      | Reached XP level 8. HP: 25/54 MP: 10/17
  5252 | D:6      | Reached skill level 5 in Earth Magic
  5381 | D:6      | Found an ornate altar of the Wu Jian Council.
  5683 | D:7      | Noticed Joseph
  6031 | D:7      | Reached skill level 6 in Earth Magic
  6240 | D:7      | Reached skill level 7 in Earth Magic
  6308 | D:7      | Reached XP level 9. HP: 23/59 MP: 1/18
  6775 | D:7      | Reached skill level 8 in Earth Magic
  6849 | D:7      | Found a blossoming altar of Fedhas.
  6972 | D:7      | Noticed Pikel
  6995 | D:7      | Killed Pikel
  6996 | D:7      | Reached skill level 9 in Earth Magic
  7122 | D:6      | Became a worshipper of Sif Muna the Loreminder
  7205 | D:7      | Noticed Maggie
  7216 | D:7      | Killed Maggie
  7217 | D:7      | Reached skill level 5 in Necromancy
  7428 | D:7      | Learned a level 2 spell: Blink
  7430 | D:7      | Learned a level 1 spell: Apportation
  7710 | D:7      | Reached skill level 1 in Invocations
  7770 | D:7      | Reached XP level 10. HP: 27/65 MP: 15/19
  7771 | D:7      | Reached * piety under Sif Muna
  8017 | D:7      | Killed Joseph
  8153 | D:7      | Found a staircase to the Ecumenical Temple.
  8648 | D:7      | Found a basalt altar of Yredelemnul.
  9281 | D:8      | Noticed a moth of wrath
  9648 | D:8      | Reached skill level 5 in Invocations
 10185 | D:9      | Reached ** piety under Sif Muna
 10688 | D:9      | Noticed Erolcha
 10692 | Abyss:1  | Cast into level 1 of the Abyss (Erolcha)
 10735 | Abyss:1  | Noticed a tentacled starspawn
 10739 | Abyss:1  | Noticed a starflower
 10739 | Abyss:1  | Noticed a wretched star
 10746 | Abyss:1  | Noticed a large abomination
 10886 | Abyss:1  | Noticed a worldbinder
 10887 | Abyss:1  | Found a corrupted altar of Lugonu.
 10896 | Abyss:1  | Slain by a tarantella

Illustrated notes

Levels and vault maps discovered:
D:1:      amcnicky_arrival_wind_blow, layout_basic
D:2:      layout_basic, hellmonk_ecumenical_altar_inner_sanctum
D:3:      layout_rooms, nicolae_qazlal_scattered_showers, serial_park_tiny_pond,
          serial_bayou_pond_d, minivault_5, uniq_crazy_yiuf_cottage
D:4:      layout_basic, mainiacjoe_overflow_paths, dancing_weapons_uskayaw
D:5:      layout_loops_corners, amcnicky_mini_corridor_feature,
          roderic_roman_lattice, uniq_blork_the_orc
D:6:      layout_basic, mainiacjoe_overflow_brackets,
          gammafunk_temple_overflow_wave, serial_shops, nicolae_shop_crystal,
          hangedman_minor_gate_pass
D:7:      layout_layer_cave, yredelemnul_altar_generic, lemuel_round_altar,
          minmay_temple_entry_offerings, grunt_ministairs_1, nrook_uturn,
          amcnicky_mini_pool_medium, uniq_joseph, uniq_maggie, uniq_pikel
D:8:      layout_rooms, tgw_trog
D:9:      layout_cave_pods, uniq_erolcha, uniq_maurice
Abyss:1:  base: D:6, evilmike_abyss_exit_14, spicy_abyss_planar_alliance,
          evilmike_abyss_exit_14

Skill      XL: |  1  2  3  4  5  6  7  8  9 10 |
---------------+-------------------------------+-----
Earth Magic    | 4 7 9 |  9.2
Spellcasting   | 2 3 4 6 |  6.9
Necromancy     | 2 3 4 7 |  7.1
Poison Magic   | 2 3 |  3.0
Air Magic      | 2 |  2.6
Conjurations   | 2 3 |  3.0
Invocations    | 1 6 |  6.7
Dodging        | 4 |  4.3
Fighting       | 3 |  3.7
Transmutations | |  0.8

Action                     |  1- 3 |  4- 6 |  7- 9 | 10-12 || total
---------------------------+-------+-------+-------+-------++-------
  Melee: Dagger            |     9 |       |       |       ||     9
         Flail             |     1 |       |       |       ||     1
         Mace              |       |    16 |    26 |     2 ||    44
         Unarmed           |       |       |       |     1 ||     1
   Cast: Sandblast         |    55 |    55 |   186 |    88 ||   384
         Vampiric Draining |       |     1 |     2 |     4 ||     7
         Mephitic Cloud    |       |       |     6 |     7 ||    13
         Passwall          |       |       |     1 |     1 ||     2
  Evoke: Wand              |       |     5 |    13 |     4 ||    22
    Use: Scroll            |     3 |     1 |     6 |     8 ||    18
         Potion            |       |     1 |     2 |     5 ||     8
 Armour: Robe              |     3 |     6 |       |       ||     9
         Leather armour    |       |    12 |    57 |       ||    69
         Steam dragon scal |       |       |     3 |     7 ||    10
         Skin              |       |       |       |    15 ||    15
  Dodge: Dodged            |    18 |    24 |   100 |    31 ||   173
  Block: Other             |       |    10 |    33 |       ||    43
         Reflection        |       |     1 |     1 |       ||     2

Table legend: (Time is in decaauts)
 A = Elapsed time spent in this place.
 B = Non-inter-level travel time spent in this place.
 C = Inter-level travel time spent in this place.
 D = Time resting spent in this place.
 E = Time spent auto-exploring this place.
 F = Levels seen in this place.
 G = Mean time per level.
                   A        B        C        D        E       F      G
               +--------+--------+--------+--------+--------+-----+--------+
         Total |  11128 |  10328 |    800 |   1884 |   6307 |  10 | 1112.8 |
       Dungeon |  10922 |  10122 |    800 |   1847 |   6191 |   9 | 1213.6 |
         Abyss |    205 |    205 |      0 |     37 |    116 |   1 |  205.0 |
               +--------+--------+--------+--------+--------+-----+--------+

Top non-repeatable levels by time:
     D:7: 2927 daAuts
     D:5: 1680 daAuts
     D:6: 1456 daAuts
     D:8: 1054 daAuts
     D:4: 859 daAuts
     D:3: 772 daAuts
     D:9: 734 daAuts
     D:2: 730 daAuts
     D:1: 707 daAuts
 Abyss:1: 205 daAuts
